 Dungeon Sprint DCSS version 0.29.1-12-g30fa7ad0bf (webtiles) character file.

Game seed: 13076213274835883051

1813 Oxelix the Warrior (level 8, -4/154 HPs)
             Began as a Minotaur Berserker on Jan 4, 2023.
             Was an Elder of Trog.
             Slain by a gargoyle
             ... wielding a +0 mace
              (7 damage)
             ... in the Dungeon (Sprint I: "Red Sonja").
             The game lasted 00:02:02 (838 turns).

Oxelix the Warrior (Minotaur Berserker)              Turns: 838, Time: 00:02:02

Health: -4/154     AC:  3    Str: 24    XL:     8   Next: 84%
Magic:  7/7        EV: 12    Int:  4    God:    Trog [****..]
Gold:   300        SH:  0    Dex: 10    Spells: 7/7 levels left

rFire   . . .      SeeInvis .   a - +0 hand axe
rCold   + . .      Faith    .   (no shield)
rNeg    . . .      Spirit   .   l - +1 robe {rC+}
rPois   .          Reflect  .   (helmet restricted)
rElec   .          Harm     .   (no cloak)
rCorr   .          Rampage  .   (no gloves)
Will    .....      NoTele   +   (no boots)
Stlth   ..........              (no amulet)
HPRegen 0.35/turn               (no ring)
MPRegen 0.10/turn               (no ring)

@: berserking (expiring), very quick
A: horns 2, retaliatory headbutt
a: Renounce Religion, Berserk, Trog's Hand, Brothers in Arms


You were in the Dungeon.
You worshipped Trog.
Trog was greatly pleased with you.
You visited 1 branch You collected 405 gold pieces.
You spent 105 gold pieces at shops.

Inventory:

Hand Weapons
 a - a +0 hand axe (weapon)
Armour
 l - a +1 robe of cold resistance (worn)
Wands
 i - a wand of digging (5)
 j - a wand of iceblast (13)
Scrolls
 h - a scroll of blinking
 k - a scroll of enchant weapon
Potions
 c - a potion of curing
 d - a potion of heal wounds
 e - a potion of haste
 f - 2 potions of magic
 g - a potion of berserk rage


   Skills:
 + Level 20.6 Fighting
 - Level 11.3 Axes
 - Level 2.4 Armour
 - Level 2.1 Dodging


You had 7 spell levels left.
You didn't know any spells.
Your spell library was empty.

Dungeon Overview and Level Annotations

Branches:
Dungeon (1/1)

Altars:
Cheibriados
Dithmenos
Elyvilon
Fedhas
Gozag
Hepliaklqana
Kikubaaqudgha
Makhleb
Nemelex Xobeh
Okawaru
Qazlal
Ru
Sif Muna
Trog
Uskayaw
Vehumet
Wu Jian
Xom
Yredelemnul
Zin
The Shining One
Jiyva
Lugonu

Shops:
D ?


Innate Abilities, Weirdness & Mutations

You have a pair of horns on your head.
You reflexively headbutt those who attack you in melee.


Message History

* * * LOW HITPOINT WARNING * * *
The demonic crawler hits you!
* * * LOW HITPOINT WARNING * * *
You hit the demonic crawler.
The demonic crawler is almost dead.
You hit the demonic crawler but do no damage.
The demonic crawler misses you. The demonic crawler hits you.
* * * LOW HITPOINT WARNING * * *
The demonic crawler barely misses you.
You slash the demonic crawler!
You kill the demonic crawler!
Trog accepts your kill.
You hit the demonic crawler but do no damage.
The demonic crawler shrieks in warning!
Your Fighting skill increases to level 20!
You hit the demonic crawler.
The demonic crawler is moderately wounded.
You hit the demonic crawler.
You headbutt the demonic crawler, but do no damage.
The demonic crawler is moderately wounded.
You hit the gargoyle but do no damage.
You hit the demonic crawler but do no damage.
The demonic crawler misses you.
The demonic crawler closely misses you. x2
You barely miss the gargoyle. You headbutt the gargoyle!
The gargoyle is moderately damaged.
You hit the demonic crawler but do no damage.
The gargoyle hits you with a +0 mace!
* * * LOW HITPOINT WARNING * * *
You hit the gargoyle but do no damage.
You headbutt the gargoyle, but do no damage.
The gargoyle is moderately damaged.
You slash the demonic crawler! The demonic crawler hits you!
* * * LOW HITPOINT WARNING * * *
The demonic crawler barely misses you. The demonic crawler hits you!
* * * LOW HITPOINT WARNING * * *
The demonic crawler shrieks in warning!
You hit the gargoyle.
The gargoyle is moderately damaged.
You barely miss the demonic crawler. The gargoyle hits you with a +0 mace!
You die...

##################
.#..'..#__#.[')..#
.').#..'..'..#).s##+#
'#####'#__####..@9s.#
.#...#.#### #####..+
##..##.# ## _##'#_.+
.†'..._# _##_.#'#
_###+#)# ## ###


You could see 2 demonic crawlers and a gargoyle.

Vanquished Creatures
  2 demonic crawlers (D)
  2 kobold demonologists (D)
  A slime creature (D)
  Sigmund (D)
  A yak (D)
  A floating eye (D)
  An ogre (D)
  A jelly (D)
  Ijyb (D)
11 creatures vanquished.

Notes
Turn   | Place    | Note
-------+----------+-------------------------------------------
     0 | D        | Oxelix the Minotaur Berserker began the quest for the Orb.
     0 | D        | Reached XP level 1. HP: 19/19 MP: 0/0
     1 | D        | Noticed Ijyb
    11 | D        | Killed Ijyb
    12 | D        | Reached skill level 6 in Fighting
    12 | D        | Reached XP level 2. HP: 22/30 MP: 1/1
   253 | D        | Noticed an ogre
   256 | D        | Killed an ogre
   257 | D        | Reached skill level 8 in Fighting
   257 | D        | Reached XP level 3. HP: 41/41 MP: 2/2
   257 | D        | Reached XP level 4. HP: 49/49 MP: 3/3
   563 | D        | Noticed Sigmund
   569 | D        | Killed Sigmund
   569 | D        | Reached ** piety under Trog
   570 | D        | Reached skill level 11 in Fighting
   570 | D        | Reached XP level 5. HP: 61/61 MP: 4/4
   570 | D        | Reached XP level 6. HP: 68/68 MP: 5/5
   618 | D        | Found a burning altar of Makhleb.
   618 | D        | Found a viscous altar of Jiyva.
   618 | D        | Found a shimmering altar of Xom.
   618 | D        | Found a corrupted altar of Lugonu.
   618 | D        | Noticed a slime creature
   625 | D        | Killed a slime creature
   626 | D        | Reached skill level 14 in Fighting
   673 | D        | Found an ornate altar of the Wu Jian Council.
   673 | D        | Found a shimmering blue altar of Sif Muna.
   675 | D        | Found a radiant altar of Vehumet.
   702 | D        | Found Sezies's Magic Scroll Emporium.
   702 | D        | Found an ancient bone altar of Kikubaaqudgha.
   702 | D        | Found a hazy altar of Hepliaklqana.
   702 | D        | Found a stormy altar of Qazlal.
   702 | D        | Found a hide-covered altar of Uskayaw.
   702 | D        | Found a blossoming altar of Fedhas.
   702 | D        | Found a bloodstained altar of Trog.
   702 | D        | Found an iron altar of Okawaru.
   702 | D        | Found a basalt altar of Yredelemnul.
   702 | D        | Found a glowing golden altar of the Shining One.
   702 | D        | Found a snail-covered altar of Cheibriados.
   702 | D        | Found a sacrificial altar of Ru.
   702 | D        | Found a glowing silver altar of Zin.
   702 | D        | Found a shadowy altar of Dithmenos.
   702 | D        | Found a white marble altar of Elyvilon.
   702 | D        | Noticed a yak
   703 | D        | Found an opulent altar of Gozag.
   708 | D        | Killed a yak
   709 | D        | Reached skill level 15 in Fighting
   709 | D        | Reached XP level 7. HP: 84/84 MP: 6/6
   709 | D        | Found a sparkling altar of Nemelex Xobeh.
   738 | D        | Bought a scroll of enchant weapon for 105 gold pieces
   771 | D        | Noticed a kobold demonologist
   771 | D        | Noticed a kobold demonologist
   773 | D        | Reached *** piety under Trog
   774 | D        | Reached skill level 16 in Fighting
   777 | D        | Noticed an ice devil
   779 | D        | Killed a kobold demonologist
   780 | D        | Reached skill level 17 in Fighting
   780 | D        | Reached XP level 8. HP: 97/97 MP: 7/7
   780 | D        | Killed a kobold demonologist
   781 | D        | Reached skill level 18 in Fighting
   818 | D        | Noticed a demonic crawler
   818 | D        | Noticed a demonic crawler
   818 | D        | Noticed a demonic crawler
   818 | D        | Noticed a demonic crawler
   828 | D        | Killed a demonic crawler
   828 | D        | Reached **** piety under Trog
   829 | D        | Reached skill level 19 in Fighting
   830 | D        | Noticed a gargoyle
   832 | D        | Killed a demonic crawler
   833 | D        | Reached skill level 20 in Fighting
   837 | D        | HP: 3/154 [demonic crawler (11)]
   838 | D        | Slain by a gargoyle

Illustrated notes

Levels and vault maps discovered:
D:        dungeon_sprint_1 [red_sonja_temple_1, red_sonja_temple_small_1]

Skill      XL: |  1  2  3  4  5  6  7  8 |
---------------+-------------------------+-----
Fighting       | 6 8 11 15 17 20 | 20.6
Axes           | 6 8 11 | 11.3
Armour         | |  2.4
Dodging        | |  2.1

Action                   |  1- 3 |  4- 6 |  7- 9 || total
-------------------------+-------+-------+-------++-------
Melee: Hand axe          |    11 |    17 |    26 ||    54
       Headbutt          |     1 |     7 |     6 ||    14
Invok: Berserk           |     2 |     3 |     2 ||     7
 Stab: Sleeping          |       |     1 |       ||     1
Armor: Animal skin       |       |     2 |       ||     2
       Robe              |       |       |     4 ||     4
Dodge: Dodged            |     3 |     4 |    18 ||    25
